 Dungeon Crawl Stone Soup version 0.24.0-37-gcf1ca852f1 (webtiles) character file.

Game seed: 4877565504487929600, levelgen mode: deterministic

14100 Iamsoldier the Thaumaturge (level 12, -6/94 HPs)
             Began as a Gnoll Skald on Nov 27, 2019.
             Was a Believer of Ashenzari.
             Mangled by an entropy weaver (17 damage)
             ... in a Gauntlet.
             The game lasted 00:55:29 (12284 turns).

Iamsoldier the Thaumaturge (Gnoll Skald)           Turns: 12284, Time: 00:55:30

Health: -6/94      AC: -6    Str: 24    XL:     12   Next: 13%
Magic:  10/24      EV: 18    Int: 19    God:    Ashenzari [**....]
Gold:   397        SH:  0    Dex: 14    Spells: 9/28 levels left

rFire    + . .     SeeInvis .   a - +1 trident
rCold    + + .     Gourm    .   (no shield)
rNeg     . . .     Faith    .   A - +0 troll leather armour
rPois    .         Spirit   .   S - +0 helmet
rElec    .         Reflect  .   w - scarf {rC+ rF+} (curse)
rCorr    .         Harm     .   u - +2 pair of gloves {Str+3} (curse)
MR       .....     NoTele   +   o - +2 pair of boots {run} (curse)
Stlth    +++++.....             N - amulet of rage (curse)
HPRegen  0.65/turn              h - ring of stealth
MPRegen  0.19/turn              E - ring of protection from cold

@: mighty, corroded, very slightly contaminated, quick
A: distributed training, fangs 1, strong nose
a: Curse Item, Scrying, Renounce Religion, Evoke Berserk Rage


You were in a Gauntlet.
You worshipped Ashenzari.
Ashenzari was pleased with you.
You were not hungry.

You visited 2 branches of the dungeon, and saw 12 of its levels.
You also visited: Gauntlet.

You collected 775 gold pieces.
You spent 378 gold pieces at shops.

Inventory:

Hand Weapons
 a - a +1 trident (weapon)
Missiles
 B - 7 silver boomerangs (quivered)
Armour
 n - a +4 chain mail of poison resistance
 o - a cursed +2 pair of boots of running (worn)
 s - a +0 cloak
 u - a cursed +2 pair of gloves of strength (worn)
 w - a cursed scarf of resistance (worn)
 A - a +0 troll leather armour (worn)
 S - a +0 helmet (worn)
Jewellery
 h - a ring of stealth (left hand)
 E - a ring of protection from cold (right hand)
 J - an uncursed ring of protection from fire
 K - an uncursed ring of fire
 N - a cursed amulet of rage (around neck)
Wands
 l - a wand of random effects (43)
 x - a wand of clouds (6)
 C - a wand of flame (25)
 G - a wand of polymorph (8)
 I - a wand of paralysis (16)
 L - a wand of iceblast (13)
Scrolls
 c - 4 scrolls of immolation
 g - 7 scrolls of identify
 i - 6 scrolls of teleportation
 k - a scroll of magic mapping
 q - a scroll of fog {unknown}
 r - 2 scrolls of enchant weapon
 t - 2 scrolls of amnesia
 P - a scroll of remove curse
Potions
 f - a potion of magic
 j - 3 potions of haste
 m - 2 potions of cancellation
 p - 3 potions of curing
 z - a potion of brilliance
 Q - a potion of lignification
Miscellaneous
 O - a fan of gales (inert)
Comestibles
 d - 20 rations


   Skills:
 + Level 8.3 Fighting
 + Level 6.8 Short Blades
 + Level 6.8 Long Blades
 + Level 6.8 Axes
 + Level 6.8 Maces & Flails
 + Level 8.3 Polearms
 + Level 6.8 Staves
 + Level 6.8 Slings
 + Level 6.8 Bows
 + Level 6.8 Crossbows
 + Level 6.8 Throwing
 + Level 7.4 Armour
 + Level 8.3(9.8) Dodging
 + Level 6.8(8.3) Stealth
 + Level 6.8 Shields
 + Level 6.8 Unarmed Combat
 + Level 8.6 Spellcasting
 + Level 5.7 Conjurations
 + Level 5.7 Hexes
 + Level 8.0 Charms
 + Level 5.7 Summonings
 + Level 5.7 Necromancy
 + Level 5.7 Translocations
 + Level 5.7 Transmutations
 + Level 5.7 Fire Magic
 + Level 5.7 Ice Magic
 + Level 5.7 Air Magic
 + Level 5.7 Earth Magic
 + Level 5.7 Poison Magic
 + Level 7.5 Invocations
 + Level 6.8 Evocations


You had 9 spell levels left.
You knew the following spells:

 Your Spells              Type           Power        Failure   Level  Hunger
a - Iskenderun's Mystic   Conj           ####....     9%          4    ###....
b - Shroud of Golubria    Chrm/Tloc      ####..       1%          2    None
c - Spectral Weapon       Hex/Chrm       ####....     1%          3    None
d - Regeneration          Chrm/Necr      ####......   1%          3    None
e - Summon Guardian Gole  Hex/Summ       ####....     2%          3    None
f - Confuse               Hex            ####....     2%          3    None
g - Infusion              Chrm           ####         1%          1    None

Your spell library contained the following spells:

 Spells                   Type           Power        Failure   Level  Hunger
 Corona                   Hex            ####...      1%          1    None
 Magic Dart               Conj           ####         1%          1    None
 Ensorcelled Hibernation  Hex/Ice        ####..       1%          2    None
 Searing Ray              Conj           ####..       1%          2    None
 Song of Slaying          Chrm           #####...     1%          2    None
 Dazzling Spray           Conj/Hex       ####..       2%          3    None
 Tukima's Dance           Hex            ####....     2%          3    None
 Force Lance              Conj/Tloc      ####....     9%          4    ###....
 Fulminant Prism          Conj/Hex       ####......   9%          4    ###....
 Irradiate                Conj/Tmut      ####......   26%         5    #####..


Dungeon Overview and Level Annotations

Branches:
Dungeon (11/15)            Temple (0/1) D:7            Lair (1/6) D:9
    Orc (0/2) D:11        Gauntlet (1/1)

Altars:
Ashenzari
Cheibriados
Hepliaklqana
Kikubaaqudgha
Okawaru
Sif Muna
Wu Jian
Xom
Yredelemnul
The Shining One

Shops:
D:10 *}*}

Annotations:
D:11 1 runed translucent door, Dusieq's ghost, journeyman DsCj Gauntlet 13 transporters, 21 runed translucent doors


Innate Abilities, Weirdness & Mutations

Your experience applies equally to all skills.
You have very sharp teeth.
Your uncanny sense of smell can sniff out nearby items.


Message History

* * * LOW HITPOINT WARNING * * *
The entropy weaver hits you!
* * * LOW HITPOINT WARNING * * *
Okay, then.
Evoke which item? (* to show all) (? for menu, Esc to quit)
Aiming: Paralyse
Press: ? - help, Shift-Dir - straight line, f/p - entropy weaver
Aim: an entropy weaver (severely wounded, chance to defeat MR: 32%)
Okay, then.
Okay, then.
You feel much better.
Your skin stops crawling.
The entropy weaver hits you!
* * * LOW HITPOINT WARNING * * *
The entropy weaver hits you.
* * * LOW HITPOINT WARNING * * *
The entropy weaver hits you!
* * * LOW HITPOINT WARNING * * *
The entropy weaver hits you!
You die...

..#..+.©.+..#.##.......##...#*...
..#.^+...+^.#.#.#.....#.#...#....
..#++#+#+#++#.#..#...#..#...#.###
..#..+...+..#.#...#©#...#...##.#.
..#..+...+..#.#....#....#...#3...
..#++#...#++#.#...#.#...#...#.#.#
..#hh#+++#.h#.#..#...#..#...#.###
..#bhh....hh#.#.#a....#.#...#....
..#b.!.©:=..#.##@.[©[).##...#...!
..#######################.§§#####
......#©...........©#....§≈.§...#
≈.....#######.#######....§8§....#
####........#.#...........≈......
#8#........#.###########...#####
#########..#.#.J.......#...#yy#.
#8#..#.#..##^##..#...#y..#
###..#.#J#..#..#[#...#...#


You could see an entropy weaver, a hell hog, 2 hell hounds and a jelly.

Vanquished Creatures
  A hydra (Lair:1)
  2 two-headed ogres
  An ugly thing (D:8)
  A wolf spider (Gauntlet)
  A cyclops (D:11)
  A rust devil (Gauntlet)
  Maurice (D:10)
  A centaur skeleton (D:10)
  A jumping spider (Gauntlet)
  2 trolls
  A hornet (D:11)
  4 slime creatures (D:11)
  5 blink frogs
  3 hippogriffs
  A spriggan (D:8)
  A wyvern (D:9)
  A ynoxinul (Gauntlet)
  3 yaks (D:10)
  2 humans (D:8)
  Grum (D:9)
  3 hungry ghosts
  A soldier ant (D:9)
  2 water moccasins (Lair:1)
  5 ice beasts
  4 orc warriors
  3 sky beasts
  3 ogres
  A centaur (D:8)
  4 wolves (D:9)
  2 phantoms
  Blork the orc (D:6)
  2 big kobolds (D:10)
  11 bullfrogs
  2 scorpions
  6 howler monkeys
  3 wights (D:10)
  6 crimson imps
  A centaur zombie (D:10)
  2 bullfrog zombies
  A quasit (D:10)
  Crazy Yiuf (D:3)
  8 hounds
  A jelly (D:10)
  9 orc wizards
  6 orc priests
  Ijyb (D:4)
  4 iron imps
  An iguana (D:10)
  Natasha (thrice) (D:3)
  7 worker ants
  2 hound skeletons
  A worker ant zombie (D:10)
  15 adders
  A gnoll (D:1)
  2 shadow imps
  An ooze (D:4)
  3 adder skeletons
  An adder zombie (D:6)
  3 worms
  3 dart slugs
  7 leopard geckos
  35 orcs
  3 bat zombies (D:7)
  4 giant cockroaches
  9 goblins
  6 hobgoblins
  12 jackals
  15 kobolds
  4 quokkas
  7 bats
  5 frilled lizards
  A quokka skeleton (D:7)
  4 rats
  A rat zombie (D:7)
283 creatures vanquished.

Vanquished Creatures (collateral kills)
  A wight (D:10)
1 creature vanquished.

Vanquished Creatures (others)
  A demonic plant (Gauntlet)
  2 fungi (Lair:1)
  17 spectral weapons
20 creatures vanquished.

Grand Total: 304 creatures vanquished

Notes
Turn   | Place    | Note
-------+----------+-------------------------------------------
     0 | D:1      | Iamsoldier the Gnoll Skald began the quest for the Orb.
     0 | D:1      | Reached XP level 1. HP: 20/20 MP: 6/6
   171 | D:1      | Reached XP level 2. HP: 26/26 MP: 3/7
   201 | D:1      | Learned a level 2 spell: Shroud of Golubria
   438 | D:1      | Reached XP level 3. HP: 30/31 MP: 9/9
   443 | D:1      | Learned a level 3 spell: Spectral Weapon
   447 | D:1      | Learned a level 3 spell: Regeneration
   601 | D:1      | Reached skill level 5 in Spellcasting
  1073 | D:2      | Reached skill level 1 in Invocations
  1149 | D:2      | Reached skill level 1 in Short Blades
  1149 | D:2      | Reached skill level 1 in Long Blades
  1149 | D:2      | Reached skill level 1 in Axes
  1149 | D:2      | Reached skill level 1 in Maces & Flails
  1149 | D:2      | Reached skill level 1 in Staves
  1149 | D:2      | Reached skill level 1 in Slings
  1149 | D:2      | Reached skill level 1 in Bows
  1149 | D:2      | Reached skill level 1 in Crossbows
  1149 | D:2      | Reached skill level 1 in Throwing
  1149 | D:2      | Reached skill level 1 in Stealth
  1149 | D:2      | Reached skill level 1 in Shields
  1149 | D:2      | Reached skill level 1 in Unarmed Combat
  1149 | D:2      | Reached skill level 1 in Evocations
  1259 | D:2      | Reached XP level 4. HP: 36/38 MP: 4/11
  1747 | D:2      | Found an ornate altar of the Wu Jian Council.
  2069 | D:2      | Reached skill level 1 in Conjurations
  2069 | D:2      | Reached skill level 1 in Hexes
  2069 | D:2      | Reached skill level 1 in Summonings
  2069 | D:2      | Reached skill level 1 in Necromancy
  2069 | D:2      | Reached skill level 1 in Translocations
  2069 | D:2      | Reached skill level 1 in Transmutations
  2069 | D:2      | Reached skill level 1 in Fire Magic
  2069 | D:2      | Reached skill level 1 in Ice Magic
  2069 | D:2      | Reached skill level 1 in Air Magic
  2069 | D:2      | Reached skill level 1 in Earth Magic
  2069 | D:2      | Reached skill level 1 in Poison Magic
  2430 | D:2      | Reached XP level 5. HP: 32/43 MP: 8/12
  2569 | D:3      | Noticed Natasha
  2582 | D:3      | Killed Natasha
  2587 | D:3      | Noticed Natasha
  2602 | D:3      | Killed Natasha
  2930 | D:3      | Identified a +2 pair of boots of running (You found it on
                  | level 3 of the Dungeon)
  2950 | D:3      | Reached XP level 6. HP: 13/50 MP: 6/13
  3364 | D:3      | Noticed Natasha
  3372 | D:3      | Killed Natasha
  3493 | D:3      | Found a runed translucent door.
  3494 | D:3      | Noticed Crazy Yiuf
  3507 | D:3      | Killed Crazy Yiuf
  3628 | D:4      | Noticed Ijyb
  3665 | D:4      | Killed Ijyb
  3665 | D:4      | Reached skill level 5 in Fighting
  3665 | D:4      | Reached skill level 5 in Polearms
  3665 | D:4      | Reached skill level 5 in Dodging
  4232 | D:4      | Reached XP level 7. HP: 44/56 MP: 9/15
  4480 | D:4      | Found a shimmering altar of Xom.
  4482 | D:4      | Found a shimmering altar of Xom.
  4482 | D:4      | Found a shimmering altar of Xom.
  4484 | D:4      | Found a shimmering altar of Xom.
  4502 | D:4      | Found a shimmering altar of Xom.
  4737 | D:5      | Entered Level 5 of the Dungeon
  5455 | D:5      | Found a shimmering blue altar of Sif Muna.
  5726 | D:6      | Reached XP level 8. HP: 63/63 MP: 16/16
  5742 | D:6      | Noticed a troll
  5758 | D:6      | HP: 3/94 [troll (10)]
  5759 | D:6      | Killed a troll
  6061 | D:6      | Found a hazy altar of Hepliaklqana.
  6145 | D:6      | Found a shattered altar of Ashenzari.
  6181 | D:6      | Became a worshipper of Ashenzari the Shackled
  6308 | D:6      | Reached XP level 9. HP: 54/69 MP: 6/18
  6493 | D:6      | Noticed Blork the orc
  6519 | D:6      | Killed Blork the orc
  7024 | D:7      | Found a staircase to the Ecumenical Temple.
  7119 | D:7      | Found a snail-covered altar of Cheibriados.
  7235 | D:7      | Found an ancient bone altar of Kikubaaqudgha.
  7551 | D:8      | Noticed a brown ugly thing
  7552 | D:8      | Reached skill level 5 in Armour
  7619 | D:8      | Killed a brown ugly thing
  7619 | D:8      | Reached skill level 5 in Invocations
  7727 | D:8      | Identified the Catalogue of Ensnaring Arcane Weapons
  7743 | D:8      | Learned a level 3 spell: Summon Guardian Golem
  7856 | D:8      | Found a glowing golden altar of the Shining One.
  7856 | D:8      | Found a shimmering blue altar of Sif Muna.
  7880 | D:8      | Reached * piety under Ashenzari
  7891 | D:8      | Noticed a two-headed ogre
  7909 | D:8      | Killed a two-headed ogre
  7909 | D:8      | Reached XP level 10. HP: 43/77 MP: 15/20
  7979 | D:8      | Found an iron altar of Okawaru.
  7999 | D:8      | Reached skill level 5 in Short Blades
  7999 | D:8      | Reached skill level 5 in Long Blades
  7999 | D:8      | Reached skill level 5 in Axes
  7999 | D:8      | Reached skill level 5 in Maces & Flails
  7999 | D:8      | Reached skill level 5 in Staves
  7999 | D:8      | Reached skill level 5 in Slings
  7999 | D:8      | Reached skill level 5 in Bows
  7999 | D:8      | Reached skill level 5 in Crossbows
  7999 | D:8      | Reached skill level 5 in Throwing
  7999 | D:8      | Reached skill level 5 in Stealth
  7999 | D:8      | Reached skill level 5 in Shields
  7999 | D:8      | Reached skill level 5 in Unarmed Combat
  7999 | D:8      | Reached skill level 5 in Evocations
  8519 | D:9      | Found a staircase to the Lair.
  8853 | D:9      | Noticed Grum
  8896 | D:9      | Killed Grum
  8929 | D:9      | Learned a level 3 spell: Confuse
  9016 | D:9      | Found a basalt altar of Yredelemnul.
  9199 | D:10     | Entered Level 10 of the Dungeon
  9390 | D:10     | Found Usacs's Assorted Antiques.
  9420 | D:10     | Noticed a two-headed ogre
  9436 | D:10     | Killed a two-headed ogre
  9436 | D:10     | Reached XP level 11. HP: 70/84 MP: 16/22
  9768 | D:10     | Found Piuloj's Gadget Boutique.
  9782 | D:10     | Noticed Maurice
  9794 | D:10     | Killed Maurice
  9798 | D:10     | Reached skill level 5 in Conjurations
  9798 | D:10     | Reached skill level 5 in Hexes
  9798 | D:10     | Reached skill level 5 in Summonings
  9798 | D:10     | Reached skill level 5 in Necromancy
  9798 | D:10     | Reached skill level 5 in Translocations
  9798 | D:10     | Reached skill level 5 in Transmutations
  9798 | D:10     | Reached skill level 5 in Fire Magic
  9798 | D:10     | Reached skill level 5 in Ice Magic
  9798 | D:10     | Reached skill level 5 in Air Magic
  9798 | D:10     | Reached skill level 5 in Earth Magic
  9798 | D:10     | Reached skill level 5 in Poison Magic
  9822 | D:10     | Bought a wand of flame (21) for 195 gold pieces
  9822 | D:10     | Bought a wand of iceblast (5) for 153 gold pieces
  9866 | D:10     | Learned a level 4 spell: Iskenderun's Mystic Blast
  9883 | D:10     | Found Vies's Assorted Antiques.
  9887 | D:10     | Bought a murky cyan potion for 30 gold pieces
 10015 | D:10     | Found Moschucw's Gadget Shoppe.
 10694 | D:11     | Found a staircase to the Orcish Mines.
 10745 | D:11     | Noticed a cyclops
 10763 | D:11     | Paralysed by a hornet for 1 turns
 10772 | D:11     | Killed a cyclops
 11122 | D:11     | Found a runed translucent door.
 11135 | D:11     | Reached ** piety under Ashenzari
 11135 | D:11     | Noticed Dusieq's ghost (journeyman DsCj)
 11476 | Lair:1   | Entered Level 1 of the Lair of Beasts
 11686 | Lair:1   | Noticed a four-headed hydra
 11694 | Lair:1   | Killed a four-headed hydra
 11694 | Lair:1   | Reached XP level 12. HP: 75/93 MP: 21/24
 11696 | Lair:1   | Found a gate leading to a gauntlet.
 11700 | Gauntlet | Entered a Gauntlet
 11700 | Gauntlet | Found a transporter.
 11700 | Gauntlet | Found a transporter.
 11704 | Gauntlet | Found a transporter.
 11704 | Gauntlet | Found a transporter.
 11713 | Gauntlet | Found a transporter.
 11715 | Gauntlet | Found a large runed translucent door.
 11716 | Gauntlet | Found a large runed translucent door.
 11717 | Gauntlet | Found a large runed translucent door.
 11717 | Gauntlet | Found a large runed translucent door.
 11717 | Gauntlet | Found a large runed translucent door.
 11756 | Gauntlet | Found a transporter.
 11758 | Gauntlet | Found a large runed translucent door.
 11759 | Gauntlet | Found a large runed translucent door.
 11760 | Gauntlet | Found a runed translucent door.
 11760 | Gauntlet | Found a runed translucent door.
 11760 | Gauntlet | Found a large runed translucent door.
 11760 | Gauntlet | Found a large runed translucent door.
 11761 | Gauntlet | Found a large runed translucent door.
 11764 | Gauntlet | Found a large runed translucent door.
 11764 | Gauntlet | Found a large runed translucent door.
 11765 | Gauntlet | Found a large runed translucent door.
 11765 | Gauntlet | Found a large runed translucent door.
 11765 | Gauntlet | Found a large runed translucent door.
 11765 | Gauntlet | Found a large runed translucent door.
 11768 | Gauntlet | Found a runed translucent gate.
 11768 | Gauntlet | Found a runed translucent gate.
 11768 | Gauntlet | Found a runed translucent gate.
 11769 | Gauntlet | Noticed a hell hog
 11770 | Gauntlet | Found a transporter.
 11784 | Gauntlet | Found a transporter.
 11799 | Gauntlet | Noticed a death ooze
 11801 | Gauntlet | Found a transporter.
 11872 | Gauntlet | Found a transporter.
 11887 | Gauntlet | Found a transporter.
 11907 | Gauntlet | Found a transporter.
 11916 | Gauntlet | Found a transporter.
 11923 | Gauntlet | Noticed a wretched star
 11954 | Gauntlet | Found a transporter.
 12033 | Gauntlet | Noticed an entropy weaver
 12035 | Gauntlet | Found a transporter.
 12050 | Gauntlet | Found a transporter.
 12284 | Gauntlet | Mangled by an entropy weaver

Levels and vault maps discovered:
D:1:      giann_bridges, layout_basic
D:2:      layout_loops_corners, nicolae_overflow_hidden_temple,
          hangedman_decor_push
D:3:      layout_rooms, uniq_natasha, uniq_crazy_yiuf_cottage
D:4:      layout_gridville, xom_redecorated, uniq_ijyb
D:5:      layout_rooms, first_ration, led_sif_book
D:6:      layout_loops_cross, old_standard_altar, hex_medium,
          evilmike_ruin_ashenzari, uniq_blork_the_orc
D:7:      layout_cave_pools, slow_altar_1, lemuel_zombie_altar_kikubaaqudgha,
          minmay_temple_entry_gardened_gates
D:8:      cheibrodos_elevator_heist, layout_layer_cave, okawaru_humans,
          gammafunk_temple_overflow_pools, the_bakery
D:9:      minmay_spotlight, layout_gridville, lair_entry_dummy,
          yredelemnul_altar_generic, uniq_grum
D:10:     layout_basic, serial_shops, nicolae_shop_overgrown_old_shop, shop,
          shop, shop, uniq_maurice
D:11:     layout_roguey, hiddenorc1_lemuel, ebering_ghost_reflecting_pool
Lair:1:   layout_regular_city, gauntlet_entry_generic, serial_bayou_pond_e,
          grunt_megastairs_2
Gauntlet: gammafunk_gauntlet_branching [gammafunk_gauntlet_arena_corners,
          gammafunk_gauntlet_arena_crates, gammafunk_gauntlet_arena_mazey,
          gammafunk_gauntlet_arena_teeth, nicolae_gauntlet_arena_x,
          minmay_gauntlet_arena_make_your_own_arena, nicolae_gauntlet_swirl,
          nicolae_gauntlet_arena_quarters,
          nicolae_gauntlet_exit_dead_adventurers]

Skill      XL: |  1  2  3  4  5  6  7  8  9 10 11 12 |
---------------+-------------------------------------+-----
Spellcasting   | 5 6 7 8 |  8.6
Invocations    | 1 2 3 4 5 6 7 |  7.5
Short Blades   | 1 2 3 4 5 6 |  6.8
Long Blades    | 1 2 3 4 5 6 |  6.8
Axes           | 1 2 3 4 5 6 |  6.8
Maces & Flails | 1 2 3 4 5 6 |  6.8
Staves         | 1 2 3 4 5 6 |  6.8
Slings         | 1 2 3 4 5 6 |  6.8
Bows           | 1 2 3 4 5 6 |  6.8
Crossbows      | 1 2 3 4 5 6 |  6.8
Throwing       | 1 2 3 4 5 6 |  6.8
Stealth        | 1 2 3 4 5 6 |  6.8
Shields        | 1 2 3 4 5 6 |  6.8
Unarmed Combat | 1 2 3 4 5 6 |  6.8
Evocations     | 1 2 3 4 5 6 |  6.8
Conjurations   | 1 2 3 4 5 |  5.7
Hexes          | 1 2 3 4 5 |  5.7
Summonings     | 1 2 3 4 5 |  5.7
Necromancy     | 1 2 3 4 5 |  5.7
Translocations | 1 2 3 4 5 |  5.7
Transmutations | 1 2 3 4 5 |  5.7
Fire Magic     | 1 2 3 4 5 |  5.7
Ice Magic      | 1 2 3 4 5 |  5.7
Air Magic      | 1 2 3 4 5 |  5.7
Earth Magic    | 1 2 3 4 5 |  5.7
Poison Magic   | 1 2 3 4 5 |  5.7
Armour         | 3 4 5 6 7 |  7.4
Fighting       | 5 6 7 8 |  8.3
Polearms       | 5 6 7 8 |  8.3
Dodging        | 5 6 7 8 |  8.3
Charms         | 6 7 8 |  8.0

Action                   |  1- 3 |  4- 6 |  7- 9 | 10-12 || total
-------------------------+-------+-------+-------+-------++-------
Melee: Spear             |    81 |   230 |   321 |       ||   632
       Bite              |     3 |    20 |    39 |    68 ||   130
       Punch             |       |     4 |     7 |    19 ||    30
       Trident           |       |       |    39 |   528 ||   567
 Cast: Infusion          |     6 |     7 |       |       ||    13
       Shroud of Golubri |     2 |     8 |    17 |    29 ||    56
       Spectral Weapon   |     1 |    16 |    29 |    58 ||   104
       Regeneration      |       |     2 |     9 |    12 ||    23
       Confuse           |       |       |       |     2 ||     2
       Summon Guardian G |       |       |       |     2 ||     2
Invok: Curse Item        |       |       |     2 |     2 ||     4
Evoke: Wand              |       |       |     1 |     9 ||    10
       Fan of gales      |       |       |       |     1 ||     1
  Use: Potion            |       |     7 |     2 |     6 ||    15
       Scroll            |       |     3 |     4 |    13 ||    20
 Stab: Distracted        |       |     1 |       |     5 ||     6
       Sleeping          |       |     2 |     9 |     7 ||    18
       Confused          |       |       |       |     1 ||     1
  Eat: Chunk             |     1 |    11 |    14 |    15 ||    41
       Ration            |       |       |       |     1 ||     1
Armor: Leather armour    |     8 |    49 |    41 |       ||    98
       Troll leather arm |       |       |    47 |   138 ||   185
Dodge: Dodged            |    41 |   137 |   210 |   349 ||   737
